[Event "*** Titled Tuesday Blitz"]
[Site "Chess.com"]
[Date "2020.11.03"]
[Round "5"]
[White "ChSalas"]
[Black "sjam6687"]
[Result "0-1"]
[WhiteElo "2507"]
[BlackElo "2715"]
[TimeControl "180+1"]
[EndTime "10:58:58 PST"]
[Termination "sjam6687 won by resignation"]

1. d4 Nf6 2. Nf3 e6 3. Bg5 b6 4.
Nbd2 Bb7 5. e3 c5 6. c3 cxd4 7. exd4 Be7 8. Bd3 O-O 9. O-O d6 10. Re1 Nbd7 11. a4 a6 12. Bh4 Re8 13. Bg3 Nh5 14.
Be4 Bxe4 15. Nxe4 Nxg3 16. Nxg3 Nf6 17. Qd3 Qd7 18. Ng5 h6 19. Nf3 b5 20. axb5 Qxb5 21. Qc2 a5 22. Ra2 Rab8 23. Rea1 Bd8 24. Ne4 Nxe4 25.
Qxe4 Bc7 26. g3 Rb7 27. Kg2 Reb8 28. h4 Qd7 29. Qe2 Rb3 30. Qc2 Qb5 31. Rb1 Qc6 32. Qe2 Rxc3 33. bxc3 Rxb1 34. Rb2 Rxb2 35. Qxb2 a4 36. Qb4 g5 37. hxg5 hxg5 38. d5 Qxd5 39. Qxa4 Kg7 40. Qg4 Bd8 41. Qxg5+ Bxg5 0-1

[Event "*** Titled Tuesday Blitz"]
[Site "Chess.com"]
[Date "2020.11.03"]
[Round "5"]
[White "OldweakGM"]
[Black "mishanick"]
[Result "1-0"]
[WhiteElo "2917"]
[BlackElo "3016"]
[TimeControl "180+1"]
[EndTime "10:58:59 PST"]
[Termination "OldweakGM won by resignation"]

1. Nf3 d5 2. d4 Nf6 3. Bf4 c5 4. e3 Nc6 5. Nbd2 Qb6 6. Rb1 Bf5 7. dxc5 Qxc5 8. Bd3 Bxd3 9. cxd3 e6 10. O-O Be7 11. Qb3 Qb4 12. Rfc1 Kd7 13. Qd1 Rhc8 14. a3 Qb5 15. Nb3 Ke8 16. h3 h6 17. Rc3 Na5 18. Nbd4 Qb6 19. Rbc1 Rxc3 20. Rxc3 Nc6 21. Nxc6 bxc6 22. Qa4 Rc8 23. Nd4 Bc5 24. Nb3 Be7 25.
Nd4 Bc5 26. Nb3 Be7 27. Na5 Kd7 28. b4 Qb5 29. Qc2 Ne8 30. Nb3 f6 31. Nd4 Qb6 32.
Bg3 e5 33. Nb3 Nd6 34. d4 e4 35. Qe2 f5 36. Nc5+ Kd8 37. Qh5 Nb5 38. Ne6+ Kd7 39.
Qxf5 Nxc3 40. Nc5+ Ke8 41. Qxc8+ Kf7 42. Qe6+ Ke8 43.
Qg6+ Kd8 44. Qxg7 Bxc5 45. dxc5 Ne2+ 46. Kh2 Qa6 47. Qc7+ Ke8 48. Bd6 1-0

[Event "*** Titled Tuesday Blitz"]
[Site "Chess.com"]
[Date "2020.11.03"]
[Round "5"]
[White "Sibelephant"]
[Black "dretch"]
[Result "1-0"]
[WhiteElo "3089"]
[BlackElo "2821"]
[TimeControl "180+1"]
[EndTime "10:58:59 PST"]
[Termination "Sibelephant won on time"]

1. c4 c6 2. Nf3 d5 3. e3 Bf5 4.
Qb3 Qc7 5. Nc3 e6 6. Nh4 Be4 7. d3 dxc4 8. Qxc4 Bd5 9. Qa4 b5 10. Qc2 Qd8 11. Nxd5 cxd5 12. Nf3 Bb4+ 13. Bd2 Bxd2+ 14.
Qxd2 Ne7 15. d4 a6 16. Be2 Nbc6 17. O-O Qa5 18. Qxa5 Nxa5 19. Rfc1 f6 20. Ne1 Kf7 21. Nd3 Rhc8 22. Bg4 Nc4 23. b3 Nd6 24. Kf1 Ne4 25. Ke1 g6 26. Bf3 Ng5 27. Be2 Ne4 28. f3 Nc3 29.
Bf1 a5 30. Kd2 b4 31. a3 Nf5 32. axb4 axb4 33. Rxa8 Rxa8 34. Nxb4 Na2 35. Ra1 Nxb4 36. Rxa8 e5 37. Ra7+ Ke6 38. dxe5 fxe5 39. Rxh7 d4 40.
Bc4+ Kf6 41. exd4 exd4 42. Rb7 Na2 43. f4 Ne3 44. Kd3 Kf5 45. Rf7+ Kg4 46. Be6+ 1-0

[Event "*** Titled Tuesday Blitz"]
[Site "Chess.com"]
[Date "2020.11.03"]
[Round "5"]
[White "Natalya_Buksa"]
[Black "Aleksandar-Topalov"]
[Result "1-0"]
[WhiteElo "2539"]
[BlackElo "2373"]
[TimeControl "180+1"]
[EndTime "10:58:59 PST"]
[Termination "Natalya_Buksa won by resignation"]

1. d4 Nf6 2. Nc3 d5 3. Bf4 Bf5 4. e3 c6 5. Nf3 Nbd7 6. Ne5 e6 7.
g4 Be4 8. f3 Bg6 9. h4 h5 10.
Nxg6 fxg6 11. g5 Ng8 12. Bd3 Ne7 13. Qe2 Qa5 14. O-O-O O-O-O 15. e4 dxe4 16. fxe4 e5 17. Be3 exd4 18. Bxd4 Ne5 19. Bc4 Rxd4 20. Rxd4 c5 21. Rd2 N7c6 22. Be6+ Kc7 23. Qb5 a6 24. Nd5+ Kb8 25.
Qxa5 Nxa5 26. Nb6 Kc7 27. Nd5+ Kb8 28. b3 Nac6 29. Nb6 Kc7 30. Nd7 Bd6 31. Nxe5 Nxe5 32.
Rf1 b5 33. c4 bxc4 34. bxc4 Rb8 35. Kc2 Rb4 36. a3 Rb8 37. Rfd1 Rd8 38. Rd5 Nf3 39.
Bf7 Nd4+ 40. Kb2 Rf8 41. Bxg6 Rf2+ 42. Kb1 Rh2 43. e5 Be7 44. Be8 Nc2 45. Rd7+ Kc8 46. Rxe7 Nxa3+ 47. Ka1 Nc2+ 48. Kb2 Ne3+ 49. Kc1 Nxd1 50.
Kxd1 Kd8 51. Re6 Rxh4 52. Bg6 Rxc4 53. Bxh5 Rh4 54. Bg6 Rg4 55. Re8+ Kd7 56. Bf5+ Kxe8 57. Bxg4 Kf7 58. Bf5 1-0

[Event "*** Titled Tuesday Blitz"]
[Site "Chess.com"]
[Date "2020.11.03"]
[Round "5"]
[White "tdf98pantani"]
[Black "BogdanDeac"]
[Result "1-0"]
[WhiteElo "2714"]
[BlackElo "2861"]
[TimeControl "180+1"]
[EndTime "10:59:00 PST"]
[Termination "tdf98pantani won on time"]

1. e4 c5 2. Nf3 d6 3. Bc4 Nf6 4. d3 Nc6 5. O-O g6 6. c3 Bg7 7.
Bb3 O-O 8. a4 a6 9. h3 Rb8 10. Bg5 b5 11. axb5 axb5 12. Re1 c4 13. Bc2 cxd3 14. Bxd3 Nd7 15. Bf1 b4 16. Nd4 Bb7 17. Nb5 Nc5 18. Nd2 Ba6 19. Nd4 Nxd4 20. cxd4 Bxf1 21. dxc5 Bb5 22. Ra7 Re8 23. Qc2 dxc5 24.
Nc4 Qd4 25. Ne3 Qxb2 26. Qxc5 Bd4 27. Ra2 Qxa2 28. Qxd4 e5 29. Qc5 Bd7 30. Nd5 Re6 31. Qc7 Rf8 32. Qxd7 b3 33. Bf6 b2 34. Qb7 Qa5 35. Rb1 Ra8 36. Rxb2 h5 37. Ne7+ Kh7 38. Nc6 1-0

[Event "*** Titled Tuesday Blitz"]
[Site "Chess.com"]
[Date "2020.11.03"]
[Round "5"]
[White "vinniethepooh"]
[Black "Dr-Bassem"]
[Result "0-1"]
[WhiteElo "2583"]
[BlackElo "2802"]
[TimeControl "180+1"]
[EndTime "10:59:00 PST"]
[Termination "Dr-Bassem won on time"]

1. d4 e6 2. c4 f5 3. Nc3 Nf6 4. g3 Be7 5. Bg2 O-O 6. Nf3 d6 7. O-O Qe8 8. Re1 Ne4 9. Qc2 Qg6 10. Be3 Bf6 11. Nxe4 fxe4 12. Nd2 d5 13. cxd5 exd5 14. Qxc7 Nc6 15. Qd6 Qh5 16. Qc5 Be7 17. Qb5 a6 18. Qb3 Na5 19. Qd1 Bh3 20. Nf1 Nc4 21. b3 Nd6 22. Rc1 Bd8 23. Qd2 a5 24. Rc5 Bb6 25. Bxh3 Qxh3 26. Rxd5 Nf5 27. Bf4 Rad8 28. Rxd8 Rxd8 29.
e3 Qg4 30. Qe2 Qh3 31. Nd2 Kh8 32. Nxe4 Re8 33. Ng5 Nxd4 0-1

[Event "*** Titled Tuesday Blitz"]
[Site "Chess.com"]
[Date "2020.11.03"]
[Round "5"]
[White "Tashik"]
[Black "GMG"]
[Result "0-1"]
[WhiteElo "2497"]
[BlackElo "2708"]
[TimeControl "180+1"]
[EndTime "10:59:00 PST"]
[Termination "GMG won on time"]

1. c4 e6 2. Nc3 d5 3. d4 c6 4. e3 Nf6 5. Nf3 Nbd7 6. Bd3 dxc4 7. Bxc4 b5 8. Be2 Bb7 9. e4 b4 10. e5 bxc3 11. exf6 cxb2 12. fxg7 Bxg7 13. Bxb2 c5 14.
O-O Rb8 15. Rb1 O-O 16. Ba1 Bxf3 17. Bxf3 Rxb1 18. Qxb1 cxd4 19. Rd1 Ne5 20. Be4 Ng6 21. g3 Qd7 22. h4 Rd8 23. h5 Nf8 24. h6 Bf6 25. Qd3 Ng6 26. Rb1 Qa4 27. a3 Bg5 28.
Rb7 Bxh6 29. Qf3 Rd7 30. Bc6 Rxb7 31. Bxa4 Rb1+ 32. Kg2 Rxa1 33. Qa8+ Kg7 34. Qxa7 Bg5 35. Qxd4+ Bf6 36. Qd3 Ne5 37. Qb3 h5 38. Bb5 Ng4 0-1

[Event "*** Titled Tuesday Blitz"]
[Site "Chess.com"]
[Date "2020.11.03"]
[Round "5"]
[White "Eloist"]
[Black "Oglob71"]
[Result "0-1"]
[WhiteElo "2267"]
[BlackElo "2477"]
[TimeControl "180+1"]
[EndTime "10:59:01 PST"]
[Termination "Oglob71 won on time"]

1. e4 c5 2. Nf3 e6 3. d4 cxd4 4. Nxd4 a6 5. Bd3 Qb6 6. Nb3 Nc6 7. Be3 Qc7 8. O-O Nf6 9. f4 d6 10. c4 Nb4 11. Nc3 Nxd3 12. Qxd3 b6 13. e5 dxe5 14. fxe5 Nd7 15. Qe4 Bb7 16. Qf4 Nxe5 17. Qg3 O-O-O 18.
Bf4 f6 19. Rac1 Bc5+ 20. Kh1 g5 21. Bxe5 Qxe5 22. Qxe5 fxe5 23. Nxc5 bxc5 24. Rce1 Rd2 25. Rg1 Rf8 26. Rxe5 Rff2 27. Ne4 Bxe4 28. Rxe4 Kd7 29. Re5 h6 30. b3 Rxa2 31. Rxc5 Kd6 32. Rc8 Rfb2 33.
Rd8+ Ke7 34. Rh8 Rxb3 35. Rxh6 Rc3 36. Rg6 Ra5 37. Re1 Rxc4 38. Rgxe6+ Kd7 39. h3 Rcc5 40.
Re7+ Kc6 41. R1e6+ Kb5 42. Rg7 Kc4 43. Rgg6 Ra1+ 44.
Kh2 a5 45. Rc6 a4 46. Rxc5+ Kxc5 47. Rxg5+ Kb4 48. Rg8 a3 49. Rb8+ Kc3 50. h4 Re1 51. Ra8 Kb2 52. Rb8+ Kc2 53. Rc8+ Kb1 54. Rb8+ Kc2 55.
Rc8+ Kb2 56. Rb8+ Ka1 57. h5 Rb1 58. Ra8 a2 59. g4 Rb3 60. Kg2 Kb2 61. h6 Ra3 0-1

[Event "*** Titled Tuesday Blitz"]
[Site "Chess.com"]
[Date "2020.11.03"]
[Round "5"]
[White "Tocras"]
[Black "lukas_111111"]
[Result "1-0"]
[WhiteElo "2797"]
[BlackElo "2556"]
[TimeControl "180+1"]
[EndTime "10:59:02 PST"]
[Termination "Tocras won by resignation"]

1. e4 e5 2. Nf3 Nc6 3. Nc3 Nf6 4. Bb5 Bb4 5. O-O O-O 6. Bxc6 bxc6 7. Nxe5 Bxc3 8.
dxc3 Nxe4 9. Qd4 Nd6 10. Bf4 f6 11. Nf3 Nf7 12. Qc4 Bb7 13. Rfe1 d6 14. Nd4 Qd7 15.
Rad1 Rfe8 16. Bg3 Kh8 17. Qb3 Rab8 18. Rxe8+ Qxe8 19. Qa4 a6 20. f3 c5 21. Qxe8+ Rxe8 22. Nb3 Bc8 23. Kf2 Bf5 24. Rd2 Nd8 25. Na5 Kg8 26. b4 cxb4 27. cxb4 Bc8 28. c4 Nb7 29.
Nc6 Bd7 30. Nd4 a5 31. b5 Nc5 32. Nb3 Nxb3 33. axb3 Be6 34. Ra2 Ra8 35. Ke3 Kf7 36.
Kd4 Ke7 37. Be1 Kd7 38. Bxa5 Bf5 39. b4 g5 40. Re2 Be6 41. c5 Re8 42. c6+ Kc8 43.
b6 cxb6 44. Bxb6 Bf7 45. Rxe8+ Bxe8 46. Kd5 1-0

[Event "*** Titled Tuesday Blitz"]
[Site "Chess.com"]
[Date "2020.11.03"]
[Round "5"]
[White "Gloomy_Wanderer"]
[Black "Xeniya2005"]
[Result "1-0"]
[WhiteElo "2702"]
[BlackElo "2395"]
[TimeControl "180+1"]
[EndTime "10:59:02 PST"]
[Termination "Gloomy_Wanderer won on time"]

1. d4 d5 2. c4 e6 3. Nf3 c5 4. cxd5 exd5 5. g3 Nc6 6. Bg2 Nf6 7.
O-O Be6 8. Nc3 cxd4 9. Nxd4 Bc5 10. Nb3 Bb6 11. Bg5 h6 12. Bxf6 Qxf6 13. Nxd5 Bxd5 14.
Bxd5 Qxb2 15. Qc1 Qf6 16. a4 O-O 17. Bxc6 bxc6 18. a5 Bc7 19. Qc4 Be5 20. Rac1 Rac8 21. Qa6 Bb8 22. Rc2 h5 23. Rfc1 h4 24. Rxc6 Rxc6 25. Qxc6 Qe5 26. Qf3 hxg3 27. hxg3 Bd6 28. Rd1 Bb4 29. e3 Qc3 30. Qd5 Qc2 31. Kg2 Rc8 32.
Rc1 Qxc1 33. Nxc1 Rxc1 34. Qa8+ Bf8 35. Qxa7 Ra1 36. Qb6 g6 37. a6 Bg7 38. a7 1-0

[Event "*** Titled Tuesday Blitz"]
[Site "Chess.com"]
[Date "2020.11.03"]
[Round "5"]
[White "MaxLeto"]
[Black "UCantHandleDenker"]
[Result "0-1"]
[WhiteElo "2356"]
[BlackElo "2504"]
[TimeControl "180+1"]
[EndTime "10:59:03 PST"]
[Termination "UCantHandleDenker won by checkmate"]

1. g4 d6 2. Bg2 c6 3. g5 e5 4. d4 Nd7 5. Nc3 h6 6. h4 hxg5 7. Bxg5 Be7 8. Nf3 Ngf6 9. Qd3 Qa5 10. O-O-O e4 11. Nxe4 Qxa2 12. Nfd2 d5 13. Nc3 Qa1+ 14.
Ncb1 Nb6 15. e4 Be6 16. e5 Nfd7 17.
Bxe7 Kxe7 18. Qg3 Rag8 19. f4 g6 20. Bh3 Qa4 21. Nb3 Nc4 22. Nc3 Qb4 23. Rdf1 a5 24.
Na2 Qb6 25. Qc3 Rxh4 26. Bxe6 Rxh1 27. Rxh1 Kxe6 28. Rh7 Ke7 29. Nd2 Nxd2 30. Qxd2 Nf8 31. Rh6 Ne6 32. c3 Qb3 33. Kb1 a4 34. Nc1 Qb5 35. Ka2 Qc4+ 36. Ka3 Qb5 37. Qc2 c5 38. Nd3 c4 39. Nb4 Nc7 40. Qg2 Qd7 41. Qg5+ Ke8 42.
f5 Nb5+ 43. Kxa4 Nxc3+ 44. Ka3 Qa4# 0-1

[Event "*** Titled Tuesday Blitz"]
[Site "Chess.com"]
[Date "2020.11.03"]
[Round "5"]
[White "chessmachine14"]
[Black "Fins0905"]
[Result "0-1"]
[WhiteElo "2355"]
[BlackElo "2612"]
[TimeControl "180+1"]
[EndTime "10:59:03 PST"]
[Termination "Fins0905 won on time"]

1. e4 d5 2. exd5 Qxd5 3. Nc3 Qa5 4. Nf3 Nf6 5. d4 Bf5 6. Bc4 e6 7. Bd2 Bb4 8. a3 Bxc3 9. Bxc3 Qb6 10. Qe2 O-O 11.
Ne5 Nc6 12. O-O-O Ne4 13. Nd7 Nxc3 14. bxc3 Qa5 15. Nxf8 Qxc3 16. g4 Nxd4 17. Rxd4 Qa1+ 18. Kd2 Qxd4+ 19. Bd3 Bxd3 20. Qxd3 Qxf2+ 21. Kc3 Rxf8 22. Rf1 Qxh2 23. Kb3 Qd6 24. Qxd6 cxd6 25. Rd1 d5 26. c4 Rd8 27. cxd5 Rxd5 28. Rc1 g5 29. Rc7 Rb5+ 30. Kc4 Rb6 31. a4 Rc6+ 32. Rxc6 bxc6 33. Kc5 f5 34.
gxf5 exf5 35. Kxc6 g4 36. Kb7 g3 37. Kxa7 g2 38. a5 g1=Q+ 39. Kb7 Qc5 40. a6 Qb5+ 41. Ka7 f4 0-1

[Event "*** Titled Tuesday Blitz"]
[Site "Chess.com"]
[Date "2020.11.03"]
[Round "5"]
[White "VladimirBugayev"]
[Black "zurzan"]
[Result "1-0"]
[WhiteElo "2312"]
[BlackElo "2066"]
[TimeControl "180+1"]
[EndTime "10:59:03 PST"]
[Termination "VladimirBugayev won by resignation"]

1. e4 Nf6 2. e5 Nd5 3. d4 d6 4. c4 Nb6 5. exd6 cxd6 6. Nc3 g6 7. Be3 Bg7 8. Rc1 O-O 9. b3 Nc6 10. d5 Ne5 11. f4 Ng4 12. Bd4 e5 13. dxe6 Bxe6 14.
Bxg7 Kxg7 15. Be2 Ne3 16. Qd4+ Qf6 17. Qxe3 Rae8 18. Qd2 Bg4 19. Kf2 Bf5 20. Nf3 h6 21. Qd4 Re7 22. Rhe1 Rfe8 23. Qxf6+ Kxf6 24. Bf1 Rxe1 25. Rxe1 Rxe1 26. Kxe1 g5 27. fxg5+ hxg5 28. Kd2 g4 29. Nd4 Bd7 30. Ndb5 d5 31. c5 Nc8 32. Nxd5+ Ke5 33. Ne3 a6 34. Nc3 f5 35.
Nc4+ Kf6 36. Nd5+ Kg5 37. g3 Bc6 38. Nce3 a5 39. Kc3 Na7 40. a3 Nb5+ 41. Bxb5 Bxb5 42.
Kd4 Bd7 43. b4 axb4 44. axb4 Be6 45. Nf4 Bd7 46. Nc4 Bb5 47. Nd6 Bc6 48. b5 Bh1 49. c6 bxc6 50. b6 Kf6 51. Kc5 1-0

[Event "*** Titled Tuesday Blitz"]
[Site "Chess.com"]
[Date "2020.11.03"]
[Round "5"]
[White "amintabatabaei"]
[Black "anon102030"]
[Result "1-0"]
[WhiteElo "2955"]
[BlackElo "2670"]
[TimeControl "180+1"]
[EndTime "10:59:05 PST"]
[Termination "amintabatabaei won by checkmate"]

1. a3 e5 2. e3 Nc6 3. d4 d6 4. Nf3 e4 5. Nfd2 f5 6. c4 g6 7. b4 Bg7 8. Bb2 Nf6 9. Be2 O-O 10. O-O d5 11. Nc3 Ne7 12. cxd5 Nfxd5 13. b5 Nxc3 14. Bxc3 Nd5 15. Bb2 Kh8 16. Qb3 Be6 17. Bc4 Qd7 18.
a4 Bg8 19. Ba3 Rf6 20. a5 Re8 21. Rae1 g5 22. f3 exf3 23. Nxf3 Nxe3 24. Ne5 Bxc4 25. Qxe3 Qd8 26. Rf2 f4 27. Ng6+ hxg6 28. Qxe8+ Qxe8 29. Rxe8+ Kh7 30. Re7 Bxb5 31. d5 Kh6 32. Bb2 c6 33. d6 Rxd6 34. Bxg7+ Kh5 35. h3 b6 36. axb6 axb6 37.
Be5 Rd3 38. Rh7# 1-0

[Event "*** Titled Tuesday Blitz"]
[Site "Chess.com"]
[Date "2020.11.03"]
[Round "5"]
[White "Ermito2020"]
[Black "KyrgyzFighter"]
[Result "1-0"]
[WhiteElo "2583"]
[BlackElo "2350"]
[TimeControl "180+1"]
[EndTime "10:59:05 PST"]
[Termination "Ermito2020 won by resignation"]

1. e4 e6 2. d4 d5 3. Nc3 Nc6 4. Nf3 Nf6 5. Bd3 Bb4 6. e5 Ne4 7. Bd2 Nxd2 8. Qxd2 O-O 9. O-O Ne7 10. a3 Bxc3 11.
Qxc3 b6 12. Qd2 c5 13. c3 h6 14. h4 a5 15. Rfe1 Nf5 16. g3 c4 17. Bc2 b5 18.
Kg2 Rb8 19. Rh1 Ne7 20. h5 b4 21. axb4 axb4 22. g4 b3 23. Bb1 f6 24. exf6 Rxf6 25. Ne5 Bd7 26. Ra7 Be8 27. f4 Nc6 28. Nxc6 Bxc6 29. Bg6 Qd6 30. Rf1 Rbf8 31. f5 e5 32.
g5 hxg5 33. Qxg5 Rxg6 34. Qxg6 Qxg6+ 35. fxg6 exd4 36. cxd4 Bb5 37. Rxf8+ Kxf8 38. Rf7+ Kg8 39. Rb7 Be8 40. Kf2 Kf8 41. Ke3 Bc6 42. Rf7+ Ke8 43. Rxg7 c3 44. bxc3 b2 45. Rg8+ Kd7 46. Rb8 Ke6 47. Rxb2 Kf5 1-0

[Event "*** Titled Tuesday Blitz"]
[Site "Chess.com"]
[Date "2020.11.03"]
[Round "5"]
[White "rasmussvane"]
[Black "Baby_Legs"]
[Result "0-1"]
[WhiteElo "2940"]
[BlackElo "2718"]
[TimeControl "180+1"]
[EndTime "10:59:06 PST"]
[Termination "Baby_Legs won by checkmate"]

1. Nf3 e6 2. g3 b5 3. Bg2 Bb7 4. O-O Nf6 5. a4 b4 6. d3 d5 7. Nbd2 c5 8. Re1 Be7 9. e4 Nc6 10. e5 Nd7 11. h4 Qc7 12. Qe2 a5 13. Nf1 h6 14. Bf4 Nb6 15. g4 Qd8 16. Bg3 g5 17.
h5 Qd7 18. c3 Ba6 19. Qd2 c4 20. d4 O-O-O 21. Qc2 Kb7 22. b3 Ka7 23. Rec1 Rb8 24.
N1d2 cxb3 25. Nxb3 Nc4 26. Nfd2 Rbc8 27. Qd1 bxc3 28.
Rxc3 Bb4 29. Rc2 Nxd2 30. Rxd2 Bc4 31. Nc5 Bxc5 32. dxc5 Rb8 33. Bf1 Rb4 34. Bxc4 Rxc4 35. Rb1 Rb4 36. Rxb4 axb4 37. f4 gxf4 38. Bxf4 d4 39.
Qf3 Ka6 40. Qd3+ Ka7 41. Kf2 Qd5 42. Qf3 Qxf3+ 43. Kxf3 Ka6 44. Ke4 Ka5 45. Kd3 b3 46. Kc4 Kxa4 47. Rb2 Rg8 48. Bxh6 Rxg4 49. Re2 b2 50.
Re1 b1=Q 51. Rxb1 Nxe5# 0-1

[Event "*** Titled Tuesday Blitz"]
[Site "Chess.com"]
[Date "2020.11.03"]
[Round "5"]
[White "anon569"]
[Black "Jeffinho023"]
[Result "0-1"]
[WhiteElo "2260"]
[BlackElo "2557"]
[TimeControl "180+1"]
[EndTime "10:59:06 PST"]
[Termination "Jeffinho023 won on time"]

1. e4 c6 2. d4 d5 3. Nd2 dxe4 4.
Nxe4 Nf6 5. Nxf6+ exf6 6. Be3 Bd6 7. Qd2 O-O 8. Bd3 Nd7 9. Ne2 Re8 10. O-O-O Nf8 11. h4 Be6 12. Kb1 a5 13. c4 a4 14. Qc2 a3 15. b3 Bg4 16. Qd2 Bxe2 17. Bxe2 Qe7 18. Bd3 Rad8 19. Qc2 Qc7 20. g3 Bxg3 21.
Qd2 Bd6 22. Rhg1 c5 23. d5 Be5 24. h5 Bd4 25. Bf4 Be5 26. Be3 Qd7 27. Bxc5 Qh3 28. Bxa3 Qxh5 29. Rh1 Qg5 30. Bxf8 Kxf8 31. Rxh7 Qxd2 32.
Rxd2 g6 33. Rd1 f5 34. Kc2 b6 35. Rdh1 Bd4 36. R7h2 Kg7 37. Rh7+ Kf6 38. R7h2 Ra8 39. a4 Re5 40. b4 Rxa4 41. Kb3 Ra8 42. Rc1 Ree8 43. c5 bxc5 44. bxc5 Reb8+ 0-1

[Event "*** Titled Tuesday Blitz"]
[Site "Chess.com"]
[Date "2020.11.03"]
[Round "5"]
[White "Savva09022009"]
[Black "jacky72"]
[Result "0-1"]
[WhiteElo "2363"]
[BlackElo "2527"]
[TimeControl "180+1"]
[EndTime "10:59:06 PST"]
[Termination "jacky72 won by checkmate"]

1. d4 g6 2. Nc3 d5 3. Bf4 Bg7 4. Qd2 c5 5. dxc5 d4 6. Nb5 e5 7. Nd6+ Kf8 8. Bg3 Nc6 9. O-O-O b6 10. Nxc8 Rxc8 11. cxb6 Qxb6 12. Kb1 Nb4 13. Rc1 Bh6 14. f4 Rc3 15. Be1 Bxf4 16. Qd1 Qa5 17. a3 Rxa3 18.
bxa3 Qxa3 19. Bxb4+ Qxb4+ 20. Ka2 Qa5+ 21. Kb2 Bd2 22.
Qxd2 Qxd2 23. e4 Nf6 24. Nf3 Qb4+ 25. Ka1 Qa4+ 26. Kb2 Ke7 27. Re1 Rb8+ 28. Kc1 Qa1+ 29. Kd2 Qc3+ 30. Kc1 Rb2 31. Bd3 Ra2 32. Kd1 Ng4 33.
Nd2 Nf2+ 34. Ke2 Nxd3 35. Rb1 Rxc2 36. Rb7+ Kf8 37. Rd1 Nc1+ 38. Ke1 Qe3+ 39. Kf1 Qe2+ 40. Kg1 Qxd1+ 41. Kf2 Rxd2+ 42. Kg3 Rd3+ 43. Kh4 Qe1+ 44. Kg5 Qxe4 45. Kf6 Qf5# 0-1

[Event "*** Titled Tuesday Blitz"]
[Site "Chess.com"]
[Date "2020.11.03"]
[Round "5"]
[White "Klavdia_Nik"]
[Black "guillembaches"]
[Result "1-0"]
[WhiteElo "2104"]
[BlackElo "2376"]
[TimeControl "180+1"]
[EndTime "10:59:06 PST"]
[Termination "Klavdia_Nik won on time"]

1. Nf3 d5 2. c4 d4 3. b4 c5 4. bxc5 Nc6 5. d3 e5 6. g3 Bxc5 7. Bg2 Nf6 8. O-O O-O 9. Ba3 Bxa3 10. Nxa3 e4 11. Ne1 Re8 12. Qa4 e3 13. f3 h5 14. Qb5 Re5 15. Qb2 h4 16. f4 Rh5 17.
Nf3 hxg3 18. hxg3 Rb8 19. Nb5 Bg4 20. Nbxd4 Nxd4 21. Qxd4 Qe7 22. Qxa7 Re8 23. Rab1 Qe6 24. Ng5 Qf5 25. Qxb7 Rxg5 26. fxg5 Qxg5 27. Rb5 Qh6 28. Re1 Bh3 29. Qf3 Ng4 30. Rb7 Rf8 31. Reb1 Bxg2 32.
Qxg2 Nf2 33. Re7 Nh3+ 34. Kf1 Qf6+ 35. Ke1 Qxe7 36. Qxh3 Qf6 37. Qg2 Qc3+ 38. Kf1 f5 39. Qd5+ Kh8 40. Kg2 Rf6 41. Qd8+ 1-0

[Event "*** Titled Tuesday Blitz"]
[Site "Chess.com"]
[Date "2020.11.03"]
[Round "5"]
[White "FMJoseHerrera"]
[Black "kot60"]
[Result "1-0"]
[WhiteElo "2568"]
[BlackElo "2388"]
[TimeControl "180+1"]
[EndTime "10:59:07 PST"]
[Termination "FMJoseHerrera won on time"]

1. Nf3 Nf6 2. g3 g6 3. Bg2 Bg7 4. d3 O-O 5. Nc3 d6 6. h4 h5 7.
Bg5 c5 8. Qd2 Re8 9. Bh6 Bh8 10.
O-O Nc6 11. e4 Ng4 12. Bg5 Nd4 13. Nh2 a6 14. Nd5 Be6 15. Nf4 Bd7 16. c3 Ne6 17. Nxg4 hxg4 18. Nd5 Nxg5 19. Qxg5 e6 20. Qxd8 Raxd8 21.
Ne3 e5 22. Nd5 Bc6 23. Ne3 Bd7 24. Rfd1 b5 25. a4 bxa4 26. Bf1 Rb8 27. Nc4 Re6 28.
Be2 f5 29. Rd2 Rf6 30. Ne3 Bg7 31. Nd5 Rf7 32. exf5 gxf5 33. Kg2 f4 34. Kh2 Bh6 35. Rc2 Kg7 36. d4 fxg3+ 37. Kxg3 Bf4+ 38. Nxf4 exf4+ 39. Kh2 f3 40. Bc4 Bf5 41. Rd2 Rfb7 42. Ra2 cxd4 43. Rxd4 Rxb2 44. Rxb2 Rxb2 45. Kg3 a3 46. Rxd6 a2 47.
Rxa6 Bb1 48. h5 1-0

[Event "*** Titled Tuesday Blitz"]
[Site "Chess.com"]
[Date "2020.11.03"]
[Round "5"]
[White "ChronicUnhappiness"]
[Black "chenxiaoyuer"]
[Result "0-1"]
[WhiteElo "2353"]
[BlackElo "2498"]
[TimeControl "180+1"]
[EndTime "10:59:07 PST"]
[Termination "chenxiaoyuer won by checkmate"]

1. c4 Nf6 2. Nc3 g6 3. e4 d6 4.
d4 Bg7 5. Nf3 O-O 6. Be2 e5 7.
O-O Nc6 8. Be3 Re8 9. dxe5 dxe5 10. Qxd8 Rxd8 11. Nd5 Nxe4 12. Nxc7 Rb8 13. Rad1 Bg4 14. h3 Bxf3 15. Bxf3 Nd6 16. b3 Nf5 17. Bxc6 bxc6 18. Bxa7 Rbc8 19. Bc5 Nd4 20. Na6 Bf8 21. Bxf8 Kxf8 22.
Nc5 Ra8 23. a4 Ke7 24. Rfe1 Kd6 25. Ne4+ Ke6 26. Nc5+ Kf6 27. f4 exf4 28. Kf2 Nf5 29. Nd7+ Kg7 30. Ne5 Ne3 31. Rxd8 Rxd8 32. Nxc6 Rd3 33. b4 Nxc4 34. a5 Rd2+ 35. Re2 Rd1 36. Ra2 Ne3 37. a6 Rf1+ 38. Ke2 Rg1 39. Kd3 Rd1+ 40.
Ke4 g5 41. a7 f5+ 42. Ke5 Kf7 43.
a8=Q Rd5# 0-1

[Event "*** Titled Tuesday Blitz"]
[Site "Chess.com"]
[Date "2020.11.03"]
[Round "5"]
[White "Ze-Pequeno"]
[Black "Bacyanide"]
[Result "1/2-1/2"]
[WhiteElo "2244"]
[BlackElo "2406"]
[TimeControl "180+1"]
[EndTime "10:59:07 PST"]
[Termination "Game drawn by repetition"]

1. e4 c6 2. d4 d5 3. Nc3 dxe4 4. Nxe4 Nf6 5. Nxf6+ exf6 6. c3 Bd6 7. Bd3 O-O 8. Ne2 Re8 9. O-O Nd7 10. Bf4 Nf8 11.
Bxd6 Qxd6 12. Qd2 Ng6 13. Rfe1 Bg4 14. f3 Be6 15. a3 Rad8 16. Rad1 c5 17. Qc2 c4 18.
Be4 Bd5 19. Bxg6 hxg6 20. Qd2 g5 21. Ng3 g6 22. Rxe8+ Rxe8 23. Re1 Rxe1+ 24. Qxe1 Qf4 25.
Nf1 g4 26. fxg4 Qxg4 27. Ne3 Qg5 28. Nxd5 Qxd5 29. Qe3 Kg7 30. h3 Qf5 31. Qd2 Qd5 32.
Qe2 b5 33. Kf2 a5 34. Qf3 Qd7 35. Qe4 Qd6 36. Kf3 b4 37. axb4 axb4 38. d5 Qc5 39.
cxb4 Qxb4 40. Qd4 Qb3+ 41. Kf2 Qc2+ 42. Kf1 Qf5+ 43. Ke2 Qc2+ 44. Ke1 Qc1+ 45. Ke2 Qc2+ 46. Kf3 Qf5+ 47. Ke3 Qg5+ 48. Kf2 Qf5+ 49. Kg1 Qb1+ 50. Kf2 Qc2+ 51. Ke3 Qc1+ 52. Ke2 Qc2+ 1/2-1/2

[Event "*** Titled Tuesday Blitz"]
[Site "Chess.com"]
[Date "2020.11.03"]
[Round "5"]
[White "Vyacheslav_N"]
[Black "GAusal"]
[Result "1-0"]
[WhiteElo "2318"]
[BlackElo "2075"]
[TimeControl "180+1"]
[EndTime "10:59:08 PST"]
[Termination "Vyacheslav_N won by resignation"]

1. e4 e5 2. Nc3 Nc6 3. f4 exf4 4. d4 Qh4+ 5. Ke2 d5 6. Nf3 Bg4 7. Nxd5 O-O-O 8. c3 f5 9. Kd2 Bxf3 10. gxf3 Qf2+ 11. Qe2 Qxe2+ 12. Bxe2 fxe4 13. fxe4 g5 14. h4 Nce7 15. Bg4+ Kb8 16. hxg5 Nxd5 17. exd5 Rxd5 18. Rh5 Ne7 19.
Kd3 Ng6 20. Be6 Rd6 21. Bf5 Ne5+ 22. Ke4 Ng6 23. Bxg6 Rxg6 24. Bxf4 Be7 25. Rah1 Re8 26. Kf5 Rf8+ 27. Kg4 Rfg8 28. Rxh7 Bxg5 29. Rh8 Bxf4+ 30.
Kxf4 b6 31. Rxg8+ Rxg8 32. Rh2 a5 33. a4 Rg1 34. Ke5 Ra1 35. Kd5 Rxa4 36. Kc6 Rc4+ 37. Kb5 Kb7 38. Kxc4 c6 39. Kd3 Ka6 40. Rh7 b5 41. b3 Kb6 42. c4 a4 43. c5+ Ka5 44. Kc3 a3 45. b4+ Ka6 46. Kb3 1-0

[Event "*** Titled Tuesday Blitz"]
[Site "Chess.com"]
[Date "2020.11.03"]
[Round "5"]
[White "GMTalks_Youtube"]
[Black "Skat2704"]
[Result "1/2-1/2"]
[WhiteElo "2590"]
[BlackElo "2439"]
[TimeControl "180+1"]
[EndTime "10:59:10 PST"]
[Termination "Game drawn by repetition"]

1. e4 c6 2. d4 d5 3. exd5 cxd5 4. Bf4 Nc6 5. c3 Nf6 6. Nd2 g6 7. Ngf3 Bg7 8. Be2 O-O 9. O-O Nd7 10. Nb3 e5 11.
dxe5 Ndxe5 12. Nxe5 Nxe5 13. Re1 Nc4 14. Qc1 Be6 15.
Nd4 Rc8 16. Bxc4 Rxc4 17. b3 Rc8 18. Qe3 Re8 19. Rac1 Qa5 20. Qd2 Bd7 21. Rxe8+ Rxe8 22. h3 h5 23. a4 Re4 24. Be3 a6 25. Ne2 Bc6 26. Bd4 Qc7 27. Bxg7 Kxg7 28. Nd4 Qe7 29.
f3 Re5 30. Kf1 h4 31. Re1 f6 32. Rd1 Qd6 33. Qf2 g5 34. f4 gxf4 35. Qxh4 Bd7 36.
Kg1 Rg5 37. Rf1 Qe5 38. Rxf4 Qe3+ 39. Kh2 Qd2 40. Rf2 Qxc3 41. Nf3 Qc7+ 42. Kh1 Rg6 43.
Qd4 Qc1+ 44. Kh2 Qc7+ 45. Kh1 Qc1+ 46. Kh2 Qc7+ 47. Kh1 1/2-1/2